 Dungeon Crawl Stone Soup version 0.30-a0-422-g946f4849ff (webtiles) character file.

Game seed: 7877142985015826333

39 p00ps00p the Trooper (level 3, -21/33 HPs)
             Began as a Hill Orc Fighter on Dec 9, 2022.
             Engulfed by a cloud of flame (26 damage)
             ... on level 2 of the Dungeon.
             The game lasted 00:01:04 (817 turns).

p00ps00p the Trooper (Hill Orc Fighter)              Turns: 817, Time: 00:01:05

Health: -21/33     AC:  7    Str: 20    XL:     3   Next: 47%
Magic:  3/3        EV:  9    Int:  8    God:
Gold:   61         SH:  5    Dex: 10    Spells: 2/2 levels left

rFire   . . .      SeeInvis .    a - +0 war axe
rCold   . . .      Faith    .    c - +1 buckler
rNeg    . . .      Spirit   .    b - +0 scale mail
rPois   .          Reflect  .    (no helmet)
rElec   .          Harm     .    (no cloak)
rCorr   .          Rampage  .    (no gloves)
Will    .....                    (no boots)
Stlth   ..........               (no amulet)
HPRegen 0.25/turn                (no ring)
MPRegen 0.08/turn                (no ring)

@: about to teleport
A: no striking features
a: no special abilities


You were on level 2 of the Dungeon.
You visited 1 branch of the dungeon, and saw 2 of its levels.

You collected 61 gold pieces.

Inventory:

Hand Weapons
 a - a +0 war axe (weapon)
Armour
 b - a +0 scale mail (worn)
 c - a +1 buckler (worn)
Jewellery
 i - a ring of wizardry
Scrolls
 e - a scroll of enchant armour
Potions
 d - a potion of might
 f - 2 potions of mutation {unknown}
 h - 2 potions of haste {unknown}


   Skills:
 + Level 4.1 Fighting
 + Level 3.4 Axes
 + Level 3.7 Armour
 + Level 3.7 Shields


You had 2 spell levels left.
You didn't know any spells.
Your spell library was empty.

Dungeon Overview and Level Annotations

Branches:
Dungeon (2/15)

Altars:


Message History

No target in view!
No target in view!
Done exploring.
Done exploring.
No target in view!
Done exploring.
Done exploring.
Done exploring.
Done exploring.
(D) Dungeon
Where to? (? - help)
There is a stone staircase leading down here.
You climb downwards.
The hobgoblin shouts!
You hear an angry hiss.
There is a stone staircase leading up here.
A hobgoblin is nearby!
As you read the scroll labelled LOLOOPH QOKKUT, it crumbles to dust.
It is a scroll of enchant armour.
Your +0 buckler glows green for a moment.
As you read the scroll labelled DUBODI RAIWIFF, it crumbles to dust.
The creatures around you are filled with an inner flame!
It was a scroll of immolation.
As you read the scroll labelled COTYURHOLAO, it crumbles to dust.
You feel aware of your surroundings.
You sensed 2 altars, and 1 shop/portal.
It was a scroll of magic mapping.
An adder comes into view.
As you read the scroll labelled HIPALI WUULIYBB, it crumbles to dust.
You feel strangely unstable.
It was a scroll of teleportation.
You block the hobgoblin's attack.
You closely miss the hobgoblin. The hobgoblin hits you.
You slash the hobgoblin!
The hobgoblin explodes!
The fiery explosion engulfs you!!
Ouch! That really hurt!
* * * LOW HITPOINT WARNING * * *
The fiery explosion engulfs the adder!!
You kill the adder!
You are engulfed in blazing flames.
Ouch! That really hurt!
You die...

*,,,,,,,*,,,*_*,,,*,,,,,,,,,,,,*,
*,,,,,,,*,*,*,*,*,*,,,,,,,,,,,,,,
*,,,,,,,,,,,,,,,,,,,,,*#******,,,
****,*,,*,*,*,*,*,*,,,..,,,,,,,,,
*,*,,*,,,*,*,,,*,,.#*******,,,
*,*,*#########***..# *,,<
*,*,,.........,,..,* *,,,
*,***###.....##§#*** **,,
*,,,,........@§†# *,*
******##....<#### *,* #.....# *,*
####### *,* *,, ***


There were no monsters in sight!

Vanquished Creatures
  An adder (D:2)
  A dart slug (D:1)
  4 ball pythons (D:1)
  4 endoplasms (D:1)
  5 goblins (D:1)
  4 hobgoblins
  2 kobolds (D:1)
  3 quokkas (D:1)
  3 bats (D:1)
  4 frilled lizards (D:1)
  5 rats (D:1)
36 creatures vanquished.

Notes
Turn   | Place    | Note
-------+----------+-------------------------------------------
     0 | D:1      | p00ps00p the Hill Orc Fighter began the quest for the Orb.
     0 | D:1      | Reached XP level 1. HP: 19/19 MP: 1/1
    38 | D:1      | Reached XP level 2. HP: 21/27 MP: 2/2
   208 | D:1      | Reached skill level 4 in Fighting
   366 | D:1      | Reached XP level 3. HP: 33/33 MP: 3/3
   817 | D:2      | Engulfed by a cloud of flame

Illustrated notes

Levels and vault maps discovered:
D:1:      doesnt_arrival_eight_statues, layout_loops_ring, minmay_hexomino_c4
D:2:      layout_loops_ring, basic_altar, serial_shops, shop_statue,
          shapermc_ecumenical_altar_mp_urbaneastern

Skill      XL: |  1  2 |
---------------+-------+-----
Axes           | 3 |  3.4
Fighting       | 4 |  4.1
Armour         | |  3.7
Shields        | |  3.7

Action                   || total
-------------------------++-------
Melee: War axe           ||    83
  Use: Scroll            ||     4
Armor: Scale mail        ||    41
Dodge: Dodged            ||    38
Block: Buckler           ||    24

Table legend: (Time is in decaauts)
 A = Elapsed time spent in this place.
 B = Non-inter-level travel time spent in this place.
 C = Inter-level travel time spent in this place.
 D = Time resting spent in this place.
 E = Time spent auto-exploring this place.
 F = Levels seen in this place.
 G = Mean time per level.
                   A        B        C        D        E       F      G
               +--------+--------+--------+--------+--------+-----+--------+
         Total |    849 |    822 |     27 |      0 |    630 |   2 |  424.5 |
       Dungeon |    849 |    822 |     27 |      0 |    630 |   2 |  424.5 |
               +--------+--------+--------+--------+--------+-----+--------+

Top non-repeatable levels by time:
     D:1: 842 daAuts
     D:2: 7 daAuts
